[Event "Team 45 45 League T39"]
[Site "Internet Chess Club"]
[Date "2008.11.22"]
[Round "5"]
[White "JimGaming"]
[Black "CoasterBrake"]
[Result "0-1"]
[WhiteElo "1271"]
[BlackElo "1255"]
[Opening "Caro-Kann: exchange variation"]
[ECO "B13"]
[Time "14:00:16"]
[TimeControl "2700+45"]

1. e4 c6 2. d4 d5 3. exd5 cxd5 4. Bd3 Nc6 5. c3 e5 6. Bb5 exd4 7. Bxc6+ bxc6 8.
Qxd4 Nf6 9. Bg5 Be7 10. Nd2 O-O 11. O-O-O Qb6 12. Ngf3 h6 13. Bxf6 Bxf6 14. Qxb6
axb6 15. Kb1 Bf5+ 16. Ka1 Ra7 17. Nd4 Rfa8 18. Nxf5 Rxa2+ 19. Kb1 Ra1+ 20. Kc2
R1a2 21. Rb1 Bg5 22. Nb3 g6 23. Nfd4 c5 24. Nb5 c4 25. N3d4 Bf6 26. f4 Re8 27.
Rhe1 Rxe1 28. Rxe1 Kf8 29. Nc6 h5 30. g3 Ra8 31. Re8+ Rxe8 32. Nd6 Re2+ 33. Kb1
Re6 34. Nxc4 dxc4 35. Nb8 Ke8 36. Na6 Re2 37. Nc7+ Kd7 38. Nd5 Bd8 39. h3 Rh2
40. f5 Rxh3 41. g4 hxg4 42. fxg6 fxg6 43. Nf4 Rh6 44. Ne2 Bc7 45. Nd4 g3 46. Nf3
g2 47. b4 Bh2 48. Kc2 Rh3 49. Ng1 Bxg1 50. Kd2 Bf2 51. Ke2 g1=Q 52. Kd2 Bh4 53.
b5 Qf2+ 54. Kc1 Rh1# {White checkmated} 0-1

[Event "Team 45 45 League T39"]
[Site "Internet Chess Club"]
[Date "2008.11.23"]
[Round "5"]
[White "Guinness"]
[Black "bjoernchess"]
[Result "1/2-1/2"]
[WhiteElo "2278"]
[BlackElo "2306"]
[Opening "Queen's pawn game"]
[ECO "D04"]
[Time "16:08:53"]
[TimeControl "2700+45"]

1. d4 d5 2. Nf3 Nf6 3. e3 Bg4 4. h3 Bxf3 5. Qxf3 e6 6. c4 c6 7. Nc3 Bb4 8. Bd2
Nbd7 9. Bd3 O-O 10. O-O Re8 11. cxd5 exd5 12. a3 Bd6 13. Rae1 a5 14. e4 dxe4 15.
Nxe4 Nxe4 16. Rxe4 Rxe4 17. Bxe4 Nf6 18. Bg5 Be7 19. Re1 Nxe4 20. Bxe7 Qxe7 21.
Rxe4 Qd6 22. Qe3 Kf8 23. Re5 b6 24. Qf4 Rd8 25. Qh4 h6 26. Qe4 g6 27. Qe3 Kg7
28. Re4 h5 29. f4 Qd5 30. b4 axb4 31. axb4 Rd6 32. Kh1 Rd7 33. Kh2 Ra7 34. Re5
Qd6 35. b5 Ra3 36. Qe4 cxb5 37. Rd5 Re3 38. Rxd6 Rxe4 39. f5 g5 40. Rxb6 Rxd4
41. Rxb5 Kf6 42. g3 g4 43. hxg4 hxg4 44. Kg2 Rd2+ 45. Kf1 Rd3 46. Kg2 Rf3 47.
Rb4 Kxf5 48. Rc4 f6 49. Ra4 Re3 50. Kf2 Rf3+ 51. Kg2 Rb3 52. Ra5+ Ke4 53. Ra4+
Kf5 54. Ra5+ Ke6 55. Ra6+ Kf7 56. Ra4 Rb2+ 57. Kf1 f5 58. Ra6 Rb7 59. Kf2 Re7
60. Rc6 Re6 61. Rc4 Kf6 62. Rc8 Ke5 63. Rc4 Rd6 64. Ra4 Rd2+ 65. Kf1 Rd4 66. Ra8
Ke4 67. Ke2 Rd5 68. Ra4+ Ke5 69. Ra8 Rb5 70. Re8+ Kd4 71. Rd8+ Ke5 72. Re8+ Kf6
73. Rf8+ Kg6 74. Rg8+ Kf7 75. Ra8 Rb2+ 76. Ke3 Rb3+ 77. Kf2 Rf3+ 78. Kg2 Kf6 79.
Ra5 Rc3 80. Kf2 Ke6 81. Rb5 Rd3 82. Ra5 Rf3+ 83. Kg2 Rd3 84. Kf2 Rd5 85. Ra8 Ke5
86. Ke3 Rb5 87. Re8+ Kf6 88. Rf8+ Kg6 89. Rg8+ Kf7 90. Ra8 Rb3+ 91. Kf2 f4 92.
gxf4 Rf3+ 93. Kg2 Kf6 94. Ra5 Rxf4 95. Kg3 Rb4 96. Rc5 Ke6 97. Rg5 Rb3+ 98. Kxg4
{Game drawn by mutual agreement} 1/2-1/2

[Event "Team 45 45 League T39"]
[Site "Internet Chess Club"]
[Date "2008.11.23"]
[Round "5"]
[White "killer21"]
[Black "onslaught"]
[Result "1/2-1/2"]
[WhiteElo "2252"]
[BlackElo "2177"]
[Opening "Sicilian: Najdorf, Opocensky variation"]
[ECO "B92"]
[Time "11:58:42"]
[TimeControl "2700+45"]

1. e4 c5 2. Nf3 d6 3. d4 cxd4 4. Nxd4 Nf6 5. Nc3 a6 6. Be2 e5 7. Nf3 h6 8. O-O
Be6 9. Re1 Be7 10. Bf1 O-O 11. Nd5 Nxd5 12. exd5 Bg4 13. h3 Bh5 14. c4 f5 15.
Be2 Qc7 16. Nd4 Bxe2 17. Qxe2 Qc8 18. Ne6 Rf7 19. Bd2 Nd7 20. Rac1 Nc5 21. Nxc5
Qxc5 22. b4 Qb6 23. a3 Rd8 24. Be3 Qc7 25. f4 Bh4 26. Red1 Bf6 27. c5 dxc5 28.
Qc4 b6 29. bxc5 bxc5 30. Qxa6 exf4 31. Bxc5 Qb7 32. Qe6 Qd7 33. Bb4 Bb2 34. Rb1
Bf6 35. Bc5 Re8 36. Qxd7 Rxd7 37. Rb5 Re2 38. a4 Ra2 39. a5 Kf7 40. Bb6 g5 41.
Rc5 Be5 42. Rc6 Bd6 43. Re1 Bb8 44. Bd4 Ba7 45. Bxa7 Rxa7 46. Ree6 R2xa5 47.
Rxh6 Re7 48. Rhf6+ Kg7 49. Rg6+ Kh7 50. Rh6+ Kg7 51. Rcg6+ Kf7 52. Rf6+ Kg8 53.
Rhg6+ Rg7 54. d6 Rd5 55. Kf2 g4 56. h4 Rxg6 57. Rxg6+ Kf7 58. h5 Rd2+ 59. Ke1
Rd5 60. Rh6 Re5+ 61. Kf2 Rd5 62. Rh7+ Ke6 63. d7 Kf6 64. Ke2 Re5+ 65. Kd3 Rd5+
66. Ke2 Re5+ {Game drawn by mutual agreement} 1/2-1/2

[Event "Team 45 45 League T39"]
[Site "Internet Chess Club"]
[Date "2008.11.22"]
[Round "5"]
[White "jonesey"]
[Black "andreip"]
[Result "1/2-1/2"]
[WhiteElo "2029"]
[BlackElo "2040"]
[Opening "French: advance, Euwe variation"]
[ECO "C02"]
[Time "13:15:43"]
[TimeControl "2700+45"]

1. e4 e6 2. d4 d5 3. e5 c5 4. c3 Nc6 5. Nf3 Bd7 6. Bd3 cxd4 7. cxd4 Qb6 8. O-O
Nxd4 9. Nxd4 Qxd4 10. Nc3 a6 11. Qf3 Ne7 12. Rd1 Qxe5 13. Bf4 Qf6 14. Re1 Bc6
15. Qg3 h6 16. Rad1 Rg8 17. Bh7 Rh8 18. Bc2 Rd8 19. Bc7 Rc8 20. Bb6 h5 21. Bd4
h4 22. Qg4 Qh6 23. h3 Qh5 24. Qf4 Rg8 25. Re5 g5 26. Qd2 Qh6 27. Be3 f5 28. Bc5
Rg6 29. Bxe7 Bxe7 30. Bxf5 exf5 31. Nxd5 Re6 32. Rxe6 Qxe6 33. Nxe7 Kxe7 34. Re1
Be4 35. f3 Kf6 36. fxe4 Re8 {Game drawn by mutual agreement} 1/2-1/2

[Event "Team 45 45 League T39"]
[Site "Internet Chess Club"]
[Date "2008.11.25"]
[Round "5"]
[White "Terte"]
[Black "Qui"]
[Result "1-0"]
[WhiteElo "2062"]
[BlackElo "1946"]
[Opening "QGD: 4.Bg5 Be7"]
[ECO "D53"]
[Time "14:00:11"]
[TimeControl "2700+45"]

1. d4 d5 2. c4 e6 3. Nc3 Nf6 4. Bg5 Be7 5. e3 h6 6. Bh4 O-O 7. c5 c6 8. Bd3 Nbd7
9. f4 Ne4 10. Bxe7 Nxc3 11. Bxd8 Nxd1 12. Rxd1 Rxd8 13. Nf3 b6 14. b4 bxc5 15.
bxc5 a5 16. Rb1 Ba6 17. Bxa6 Rxa6 18. Rb7 Rb8 19. Rxb8+ Nxb8 20. Kd2 Kf8 21. Rb1
Nd7 22. Rb7 Ke8 23. Kc2 f6 24. Kb3 a4+ 25. Ka3 Kd8 26. Rb4 Ra8 27. Rxa4 Rb8 28.
Rb4 Ra8+ 29. Kb3 Ra5 30. Ra4 Rb5+ 31. Kc2 e5 32. Ra8+ Ke7 33. Ra6 exd4 34. exd4
Nb8 35. Ra7+ Nd7 36. Nh4 Ke6 37. f5+ Ke7 38. Ng6+ Ke8 39. Nf4 Nxc5 40. dxc5
Rxc5+ 41. Kd3 Rc1 42. Rxg7 Rf1 43. Ne6 Rxf5 44. Nd4 Rf2 45. Nxc6 Rxa2 46. Nb4
Ra3+ 47. Kd4 Ra4 48. Rb7 Kf8 49. Kxd5 Ra1 50. Ke6 Rf1 51. Rf7+ Kg8 52. Rxf6 Re1+
53. Kf5 Kg7 54. Rg6+ Kh7 55. Rg3 Rf1+ 56. Rf3 Rb1 57. Nd3 Rb5+ 58. Ne5 Rb2 59.
Rg3 Rf2+ 60. Ke6 Re2 61. h3 h5 62. Rg5 Kh6 63. h4 Re4 64. g3 Re2 65. Kf6 Rf2+
66. Rf5 Rxf5+ 67. Kxf5 {Black resigns} 1-0

[Event "Team 45 45 League T39"]
[Site "Internet Chess Club"]
[Date "2008.11.23"]
[Round "5"]
[White "SiNsUaT12"]
[Black "specialxtr"]
[Result "0-1"]
[WhiteElo "2307"]
[BlackElo "2449"]
[Opening "Sicilian: Najdorf, 7...Be7 main line"]
[ECO "B99"]
[Time "22:14:13"]
[TimeControl "2700+45"]

1. e4 c5 2. Nf3 d6 3. d4 cxd4 4. Nxd4 Nf6 5. Nc3 a6 6. Bg5 e6 7. f4 Be7 8. Qf3
Qc7 9. O-O-O Nbd7 10. g4 b5 11. Bxf6 Nxf6 12. g5 Nd7 13. f5 Ne5 14. Qf4 b4 15.
Na4 Bd7 16. b3 Bxa4 17. bxa4 h6 18. gxh6 Rxh6 19. Rg1 Bf8 20. Kb1 Qa5 21. fxe6
fxe6 22. Rg3 Rf6 23. Qg5 Rc8 24. Bh3 Qc5 25. Qh5+ Ke7 26. Rg5 Rh6 27. Rxg7+ Bxg7
28. Qg5+ Kf7 29. Rg1 Rg6 30. Bxe6+ Ke8 31. Qh5 Qxd4 32. Rxg6 Nxg6 33. Qxg6+ Kd8
{White resigns} 0-1

[Event "Team 45 45 League T39"]
[Site "Internet Chess Club"]
[Date "2008.11.26"]
[Round "5"]
[White "SuperPeon"]
[Black "MRX"]
[Result "1-0"]
[WhiteElo "2052"]
[BlackElo "1717"]
[Opening "Bishop's opening"]
[ECO "C23"]
[Time "13:10:48"]
[TimeControl "2700+45"]

1. e4 e5 2. Bc4 Nc6 3. d3 Nf6 4. Nc3 d6 5. f4 Bg4 6. Nf3 exf4 7. Bxf4 Ne5 8. Bb3
Ng6 9. Bg3 Be7 10. Qd2 O-O 11. O-O-O Qd7 12. h3 Be6 13. Nd4 Bxb3 14. axb3 d5 15.
e5 Nh5 16. Bh2 h6 17. Kb1 Bg5 18. Qf2 Bf4 19. g4 Bxh2 20. Qxh2 Nhf4 21. h4 Ne6
22. Nf5 c6 23. d4 b5 24. Qe2 a5 25. g5 Ngf4 26. Qe3 h5 27. Rhf1 a4 28. Rxf4 Nxf4
29. Qxf4 axb3 30. cxb3 b4 31. Na4 Rxa4 32. bxa4 Qa7 33. b3 c5 34. dxc5 Qxc5 35.
Qd4 Qc7 36. Nd6 g6 37. Qxd5 Qc3 38. e6 fxe6 39. Qxe6+ Kg7 40. Ne4 Qf3 41. Rd7+
Kh8 42. Qe5+ Kg8 43. Qg7# {Black checkmated} 1-0

[Event "Team 45 45 League T39"]
[Site "Internet Chess Club"]
[Date "2008.11.24"]
[Round "5"]
[White "BenBoiss"]
[Black "HocusPocus"]
[Result "1-0"]
[WhiteElo "1765"]
[BlackElo "2034"]
[Opening "Queen's pawn game"]
[ECO "E20"]
[Time "08:03:33"]
[TimeControl "2700+45"]

1. d4 Nf6 2. c4 e6 3. Nc3 b6 4. Bg5 Be7 5. e4 Bb7 6. e5 Nd5 7. Bxe7 Nxe7 8. Nf3
d6 9. exd6 cxd6 10. Bd3 Nd7 11. Qe2 Nf6 12. O-O O-O 13. Rae1 Re8 14. Ng5 Nf5 15.
d5 exd5 16. Qc2 Ne4 17. Ngxe4 Nd4 18. Qb1 dxe4 19. Bxe4 Bxe4 20. Rxe4 Nc6 21.
Rfe1 Qd7 22. Nd5 Re5 23. f4 Ree8 24. a3 f6 25. b4 f5 26. R4e3 Rxe3 27. Rxe3 Re8
28. Rxe8+ Qxe8 29. Kf2 Qe6 30. Qd3 Kf7 31. Nc7 Qd7 32. Nb5 Ke7 33. g4 g6 34.
gxf5 gxf5 35. Qh3 Kd8 36. Qh6 a6 37. Qf8+ Qe8 {Black resigns} 1-0

[Event "Team 45 45 League T39"]
[Site "Internet Chess Club"]
[Date "2008.11.25"]
[Round "5"]
[White "imawesome"]
[Black "gagdad"]
[Result "0-1"]
[WhiteElo "1229"]
[BlackElo "1798"]
[Opening "Scandinavian (center counter) defense"]
[ECO "B01"]
[Time "17:23:54"]
[TimeControl "2700+45"]

1. e4 d5 2. exd5 Qxd5 3. Nc3 Qa5 4. Nf3 Bg4 5. h3 Bh5 6. Be2 Nf6 7. O-O e6 8. d3
c6 9. Bd2 Qc7 10. Nd4 Bxe2 11. Qxe2 Bd6 12. Ne4 Nxe4 13. Qxe4 Nd7 14. Qf3 Nf6
15. Bg5 Qe7 16. Bxf6 Qxf6 17. Qxf6 gxf6 18. Rfe1 O-O-O 19. Nf3 Rhg8 20. Kh1 Bc5
21. Re2 Rd5 22. Rd1 Rgd8 23. Kg1 Bb6 24. Red2 Ra5 25. a3 Bc7 26. Re2 c5 27. Nd2
b5 28. Nb3 Ra4 29. Nxc5 Rad4 30. Nb3 R4d5 31. Re4 f5 32. Rh4 Rh8 33. Rh6 Bf4 34.
Rh4 Be5 35. d4 h5 36. Rd2 Bf6 37. Rf4 Bg5 38. g3 Bxf4 39. gxf4 Rhd8 40. c3 Kb7
41. Kg2 Kc6 42. Kg3 Rg8+ 43. Kh4 Rg6 44. Rd3 Rd8 45. Re3 Rg2 46. Re2 Kd5 47. Nd2
a5 48. b4 axb4 49. axb4 Rc8 50. Re5+ Kc6 51. Rc5+ Kd7 52. Rxc8 Kxc8 53. Kxh5
Rxf2 54. Nb1 Rxf4 55. h4 Kc7 56. Kg5 Rg4+ 57. Kh5 Kc6 58. Nd2 Rg3 59. Nb1 f4
{White resigns} 0-1

[Event "Team 45 45 League T39"]
[Site "Internet Chess Club"]
[Date "2008.11.22"]
[Round "5"]
[White "charlo"]
[Black "cazj"]
[Result "1-0"]
[WhiteElo "1570"]
[BlackElo "1406"]
[Opening "Réti: old Indian attack"]
[ECO "A06"]
[Time "10:01:50"]
[TimeControl "2700+45"]

1. Nf3 d5 2. d3 Nc6 3. g3 e5 4. Bg2 Nf6 5. O-O Bf5 6. c3 Be7 7. Re1 Bg6 8. Nbd2
Bc5 9. Nb3 Bb6 10. d4 Qd6 11. Nxe5 Nxe5 12. Bf4 O-O 13. dxe5 Qe6 14. exf6 Rad8
15. fxg7 Rfe8 16. Nd4 Qe7 17. Bh6 c5 18. Nf3 Rd6 19. Bg5 f6 20. Bh6 Bf7 21. Nh4
c4 22. Nf5 Qe6 23. Nxd6 Qxd6 24. Qd2 Qc5 25. e3 Re5 26. Bf4 Rh5 27. Bf3 Rh3 28.
Bg4 Rh5 29. Bxh5 Bxh5 30. e4 Bf3 31. Be3 Qc6 32. Qxd5+ Qxd5 33. exd5 Bxe3 34.
Rxe3 Bxd5 35. Rd1 Bf7 36. Rd7 Kxg7 37. Ree7 Kg6 38. Rxf7 h5 39. Rxb7 Kh6 40.
Rxa7 Kg6 41. a4 {Black resigns} 1-0

[Event "Team 45 45 League T39"]
[Site "Internet Chess Club"]
[Date "2008.11.22"]
[Round "5"]
[White "andrew0311"]
[Black "BarryNL"]
[Result "0-1"]
[WhiteElo "1470"]
[BlackElo "1508"]
[Opening "Van't Kruijs opening"]
[ECO "A00"]
[Time "09:30:52"]
[TimeControl "2700+45"]

1. e3 e5 2. d4 exd4 3. exd4 d5 4. Nc3 Nf6 5. Nf3 Be7 6. Bf4 O-O 7. Bd3 Bg4 8. h3
Bh5 9. O-O c6 10. Be2 Bxf3 11. Bxf3 Re8 12. Qd3 Bd6 13. Bxd6 Qxd6 14. Rfe1 Nbd7
15. Rad1 Re7 16. Re2 Rxe2 17. Bxe2 Re8 18. Re1 Qe7 19. Qd2 Ne4 20. Nxe4 Qxe4 21.
Kf1 Kf8 22. Bf3 Qxe1+ 23. Qxe1 Rxe1+ 24. Kxe1 Nf6 25. Ke2 Ke7 26. Ke3 g5 27. a3
Ke6 28. b4 Kf5 29. g4+ Kg6 30. Be2 h5 31. Kf3 hxg4+ 32. hxg4 Kg7 33. c4 Ne4 34.
cxd5 cxd5 35. Bd3 Nd6 36. a4 Kf6 37. a5 Ke6 38. a6 bxa6 39. Bxa6 f5 40. gxf5+
Nxf5 41. Bc8+ Kf6 42. Bxf5 Kxf5 43. b5 g4+ 44. Ke3 Kg5 45. f3 g3 46. f4+ Kg4 47.
f5 Kxf5 48. Kf3 g2 49. Kxg2 Ke4 50. Kf2 Kxd4 51. Kf1 Kd3 52. Kf2 d4 53. Kf3 Kc2
54. Ke4 d3 55. Kd5 d2 56. Kc6 d1=Q 57. Kb7 Qa1 58. Kc6 Qa5 59. Kb7 Qb6+ 60. Kc8
Qxb5 61. Kc7 Kd3 {White resigns} 0-1

[Event "Team 45 45 League T39"]
[Site "Internet Chess Club"]
[Date "2008.11.22"]
[Round "5"]
[White "forsyth"]
[Black "mumu"]
[Result "1-0"]
[WhiteElo "1439"]
[BlackElo "1236"]
[Opening "Sicilian: Alapin's variation (2.c3)"]
[ECO "B22"]
[Time "20:25:04"]
[TimeControl "2700+45"]

1. e4 c5 2. c3 g6 3. d4 cxd4 4. cxd4 Bg7 5. Nf3 e6 6. Nc3 Ne7 7. Bg5 f6 8. Bh4
O-O 9. Bc4 d6 10. O-O Bd7 11. Re1 Qc7 12. Qb3 Qc8 13. Rac1 a6 14. Na4 Bxa4 15.
Bxe6+ Kh8 16. Qxa4 Qxe6 17. Rc7 b5 18. Qa3 Nbc6 19. d5 b4 20. Qd3 Ne5 21. Nxe5
Qxe5 22. Bg3 Qxb2 23. Rxe7 Rac8 24. Bxd6 Rc1 25. Rxc1 Qxc1+ 26. Qf1 Rc8 27. Re8+
Bf8 28. Rxf8+ Kg7 29. Rxc8 Qxc8 30. Bxb4 Kf7 31. g3 Ke8 32. Qd3 Qc1+ 33. Kg2 Qc8
34. f4 Qb8 35. Qd4 Qb5 36. Kf2 Qa4 37. Qc5 Qxa2+ 38. Kf3 Qb3+ 39. Kg2 Qb2+ 40.
Kh3 Qa1 41. Qe7# {Black checkmated} 1-0

[Event "Team 45 45 League T39"]
[Site "Internet Chess Club"]
[Date "2008.11.23"]
[Round "5"]
[White "Portola"]
[Black "parrot9"]
[Result "1-0"]
[WhiteElo "1667"]
[BlackElo "1683"]
[Opening "Torre attack (Tartakower variation)"]
[ECO "D03"]
[Time "09:00:58"]
[TimeControl "2700+45"]

1. d4 d5 2. Nf3 Nf6 3. Bg5 Nbd7 4. Nbd2 h6 5. Bh4 e6 6. e3 Be7 7. Bd3 a6 8. c3
O-O 9. O-O c5 10. Rb1 b5 11. Ne5 Nxe5 12. dxe5 Nd7 13. Bxe7 Qxe7 14. f4 f6 15.
Qh5 f5 16. Be2 Kh7 17. Nf3 g6 18. Qh3 Bb7 19. b3 c4 20. b4 a5 21. a3 axb4 22.
axb4 Ra2 23. Rfe1 Rfa8 24. Nd4 Ba6 25. Ra1 Rxa1 26. Rxa1 Nb6 27. Bd1 Qe8 28. Qh4
Bb7 29. Rxa8 Nxa8 30. Qf2 Nb6 31. Qa2 Na4 32. Bxa4 bxa4 33. b5 Qe7 34. g3 a3 35.
h3 Qc5 36. Kf2 Bc8 37. Nc2 Qxb5 38. Qxa3 Qb7 39. Qa2 Qa6 40. Qb2 Bd7 41. Nd4 Qa5
42. Kg2 Qd8 43. Qb7 Qe7 44. Qc7 Qg7 45. Qd6 Qf7 46. Nf3 Qg7 47. Nd4 Qf7 48. Qc7
Qg7 49. Qb7 g5 50. fxg5 hxg5 51. Qb1 Qxe5 52. Qe1 Qe4+ 53. Kh2 e5 54. Ne2 Qxe3
55. Qf1 f4 56. gxf4 exf4 57. Qb1+ Kh6 58. Qf1 f3 59. Ng3 Qf4 60. Qf2 g4 61. h4
Qf6 62. Qe3+ Kg7 63. Nh5+ Kg6 64. Nxf6 Kxf6 65. Kg3 Bf5 66. Qd4+ Ke6 67. Kf4 Be4
68. Kxg4 {Black resigns} 1-0

[Event "Team 45 45 League T39"]
[Site "Internet Chess Club"]
[Date "2008.11.22"]
[Round "5"]
[White "ElmerHo"]
[Black "Emrebey"]
[Result "1-0"]
[WhiteElo "1619"]
[BlackElo "1564"]
[Opening "Sicilian: accelerated fianchetto, Maróczy bind, 6.Be3"]
[ECO "B38"]
[Time "18:00:10"]
[TimeControl "2700+45"]

1. e4 c5 2. Nf3 Nc6 3. d4 cxd4 4. Nxd4 g6 5. c4 Bg7 6. Be3 d6 7. Nc3 Nf6 8. Be2
Bd7 9. O-O O-O 10. Qd2 Ng4 11. Bxg4 Bxg4 12. f3 Nxd4 13. Bxd4 Bxd4+ 14. Qxd4 Be6
15. b3 a6 16. Rfd1 Qc7 17. Nd5 Bxd5 18. cxd5 Rac8 19. Qe3 Qc5 20. Kf2 Qxe3+ 21.
Kxe3 Rc3+ 22. Kd2 Rfc8 23. Rdc1 Rxc1 24. Rxc1 Rxc1 25. Kxc1 f5 26. a4 Kf7 27.
Kd2 Kf6 28. Ke3 Ke5 29. f4+ Kf6 30. Kd4 b5 31. e5+ Kf7 32. h4 h6 33. g3 g5 34.
h5 g4 35. e6+ Ke8 36. axb5 axb5 37. Kc3 Kd8 38. Kb4 Kc7 39. Kxb5 Kb7 40. b4 Kc7
41. Ka6 Kb8 42. Kb6 Kc8 43. Ka7 Kd8 44. b5 Ke8 45. b6 Kf8 46. b7 Kg7 47. b8=Q
Kf6 48. Qe8 Kg7 {Black resigns} 1-0

[Event "Team 45 45 League T39"]
[Site "Internet Chess Club"]
[Date "2008.11.23"]
[Round "5"]
[White "g8wrb"]
[Black "twintower"]
[Result "1-0"]
[WhiteElo "1513"]
[BlackElo "1427"]
[Opening "French: Tarrasch, Guimard variation"]
[ECO "C04"]
[Time "08:00:16"]
[TimeControl "2700+45"]

1. e4 e6 2. d4 d5 3. Nd2 Nc6 4. c3 Nf6 5. e5 Nd7 6. Bd3 Be7 7. f4 O-O 8. Qh5 h6
9. Ngf3 Re8 10. g4 f6 11. Qg6 Nf8 12. Qh5 Qd7 13. Rg1 Rd8 14. g5 Qe8 15. Qxe8
Rxe8 16. gxh6 Nh7 17. Rxg7+ {Black resigns} 1-0

[Event "Team 45 45 League T39"]
[Site "Internet Chess Club"]
[Date "2008.11.24"]
[Round "5"]
[White "EyeAm"]
[Black "nozmov"]
[Result "1-0"]
[WhiteElo "1493"]
[BlackElo "1440"]
[Opening "French defense, Steiner variation"]
[ECO "C00"]
[Time "16:00:14"]
[TimeControl "2700+45"]

1. e4 e6 2. c4 b6 3. Nc3 Bb7 4. Nf3 Bb4 5. Qc2 Bxc3 6. dxc3 d5 7. exd5 exd5 8.
Bg5 f6 9. Bf4 Ne7 10. O-O-O Qc8 11. cxd5 Bxd5 12. Rxd5 Nxd5 13. Qe4+ Ne7 14.
Qxa8 O-O 15. Bc4+ Kh8 16. Qxa7 Qg4 17. Bxc7 Nec6 18. Qa4 Qxg2 19. Rd1 Qxf3 20.
Bd5 Qxf2 21. Bxc6 Qe3+ 22. Kb1 Nxc6 23. Qxc6 Qe2 24. Qd6 Qe4+ 25. Kc1 h6 26.
Qxf8+ Kh7 27. Bxb6 Qe3+ 28. Bxe3 {Black resigns} 1-0

[Event "Team 45 45 League T39"]
[Site "Internet Chess Club"]
[Date "2008.11.21"]
[Round "5"]
[White "Fegary"]
[Black "DFME"]
[Result "1-0"]
[WhiteElo "2162"]
[BlackElo "1979"]
[Opening "Ruy Lopez: closed, 9.d4"]
[ECO "C91"]
[Time "09:30:52"]
[TimeControl "2700+45"]

1. e4 e5 2. Nf3 Nc6 3. Bb5 a6 4. Ba4 Nf6 5. O-O Be7 6. Re1 b5 7. Bb3 O-O 8. c3
d6 9. d4 exd4 10. cxd4 Bg4 11. Nc3 Na5 12. Bc2 c5 13. e5 dxe5 14. dxe5 Qxd1 15.
Rxd1 Bxf3 16. gxf3 Nh5 17. Nd5 Bd8 18. Be3 Re8 19. f4 c4 20. Bf5 Bh4 21. Nc7 g6
22. Be4 Rac8 23. Nxe8 Rxe8 24. Rd6 Re6 25. Rxe6 fxe6 26. Bb6 Nxf4 27. Bxa5 Nh3+
28. Kg2 Nxf2 29. Bb7 Nd3 30. Bxa6 Nxe5 31. Bxb5 Nd3 32. Bxc4 Nxb2 33. Bxe6+ Kf8
34. Bb4+ Ke8 35. Rf1 Be7 36. Bxe7 Kxe7 37. Bb3 Nd3 38. Rf7+ Kd6 39. Rxh7 Nf4+
40. Kf3 {Black resigns} 1-0

[Event "Team 45 45 League T39"]
[Site "Internet Chess Club"]
[Date "2008.11.22"]
[Round "5"]
[White "BenjaminSisko"]
[Black "smitty120"]
[Result "0-1"]
[WhiteElo "1596"]
[BlackElo "1973"]
[Opening "Réti: King's Indian attack"]
[ECO "A05"]
[Time "09:13:44"]
[TimeControl "2700+45"]

1. Nf3 Nf6 2. g3 g6 3. Bg2 Bg7 4. O-O d6 5. d3 O-O 6. Nbd2 e5 7. e4 Re8 8. Re1
Nc6 9. c3 d5 10. Qc2 dxe4 11. dxe4 Qe7 12. a4 a5 13. b3 Bd7 14. Ba3 Qe6 15. Rad1
Rab8 16. Ng5 Qg4 17. h4 Qh5 18. Bc1 h6 19. Ngf3 Bg4 20. Re3 g5 21. Rde1 Qg6 22.
Nf1 Be6 23. N1h2 b5 24. hxg5 hxg5 25. axb5 Rxb5 26. c4 Rbb8 27. Rd3 g4 28. Nh4
Qh7 29. Bd2 Nd4 30. Qa2 Ra8 31. Bc3 Nc6 32. Qa4 Ra6 33. Rde3 Bh6 34. R3e2 Bd7
35. Qa1 Bg5 36. Nf5 Qg6 37. b4 axb4 38. Qxa6 bxc3 39. Qa1 Bd2 40. Nh4 Qh6 41.
Rd1 Nd4 42. Rexd2 cxd2 43. Kf1 Rb8 44. Nf5 Bxf5 45. exf5 Qxh2 46. Qc3 Qh6 47. f4
gxf3 48. Bxf3 Rb3 49. Qxd2 Rxf3+ 50. Kg2 Qxd2+ 51. Rxd2 {White resigns} 0-1

[Event "Team 45 45 League T39"]
[Site "Internet Chess Club"]
[Date "2008.11.19"]
[Round "5"]
[White "chessateer"]
[Black "Cory"]
[Result "1-0"]
[WhiteElo "1853"]
[BlackElo "1532"]
[Opening "Vienna game"]
[ECO "C26"]
[Time "20:00:15"]
[TimeControl "2700+45"]

1. e4 e5 2. Nc3 Nf6 3. Bc4 Bc5 4. d3 O-O 5. Nf3 Nc6 6. O-O d6 7. h3 a6 8. Bg5
Ne7 9. Bxf6 gxf6 10. Nh4 Kh8 11. Qf3 Ng6 12. Nf5 Bxf5 13. Qxf5 c6 14. Kh2 b5 15.
Bb3 Qe7 16. g3 Rg8 17. Ne2 Rg7 18. c3 Rag8 19. a4 b4 20. d4 exd4 21. cxd4 Ba7
22. Bc4 Bb8 23. Bxa6 d5 24. exd5 Nh4 25. Qd3 cxd5 26. Rae1 Qe4 27. Qxe4 dxe4 28.
Rc1 Nf3+ 29. Kh1 Ba7 30. Rfd1 h5 31. Rc8 f5 32. Rxg8+ Rxg8 33. Bc4 Kg7 34. Kg2
Rd8 35. d5 Ne5 36. Bb5 Rd6 37. Nf4 Kh6 38. b3 Kg5 39. Rc1 h4 40. Rc8 hxg3 41.
fxg3 Be3 42. Rg8+ Ng6 43. a5 Bxf4 44. h4+ Kf6 45. gxf4 Nxf4+ 46. Kf2 Nxd5 47. a6
Nc7 48. a7 Rd2+ 49. Ke3 Ra2 50. Ba4 {Black resigns} 1-0

[Event "Team 45 45 League T39"]
[Site "Internet Chess Club"]
[Date "2008.11.23"]
[Round "5"]
[White "chiiwen"]
[Black "Campagnolo"]
[Result "1-0"]
[WhiteElo "2090"]
[BlackElo "2068"]
[Opening "Ruy Lopez: closed, Flohr-Zaitsev system (Lenzerheide variation)"]
[ECO "C92"]
[Time "21:00:15"]
[TimeControl "2700+45"]

1. e4 e5 2. Nf3 Nc6 3. Bb5 a6 4. Ba4 Nf6 5. O-O Be7 6. Re1 b5 7. Bb3 d6 8. c3
O-O 9. h3 Bb7 10. d4 Re8 11. Nbd2 Bf8 12. d5 Nb8 13. Nf1 Nbd7 14. Ng3 Nc5 15.
Bc2 c6 16. dxc6 Bxc6 17. Bg5 h6 18. Bxf6 Qxf6 19. b4 Ne6 20. Bb3 Nf4 21. Nh2 Bd7
22. Nh5 Qg5 23. Nxf4 exf4 24. Qf3 Rac8 25. Rad1 Be6 26. Bxe6 fxe6 27. Qd3 Qf6
28. Rc1 Rc4 29. Nf3 Rec8 30. Nd4 d5 31. exd5 exd5 32. a3 Kh8 33. Qf3 Qf7 34. Ne6
Qf6 35. Nxf8 Rxf8 36. Red1 Rfc8 37. Qxd5 Rxc3 38. Rxc3 Rxc3 39. Qa8+ Kh7 40.
Qe4+ Qg6 41. Qxg6+ Kxg6 42. Rd6+ Kf5 43. Rxa6 f3 44. gxf3 Rxf3 45. Kg2 Rb3 46.
Ra7 g6 47. Ra5 Kf6 48. h4 Ke6 49. f3 Kf6 50. Kg3 Rb1 51. Rxb5 g5 52. Rb6+ Kg7
53. hxg5 hxg5 54. a4 Rg1+ 55. Kf2 Ra1 56. a5 {Black resigns} 1-0

[Event "Team 45 45 League T39"]
[Site "Internet Chess Club"]
[Date "2008.11.21"]
[Round "5"]
[White "nosalt"]
[Black "martineden"]
[Result "1-0"]
[WhiteElo "2000"]
[BlackElo "1951"]
[Opening "Ruy Lopez: Wormald (Alapin) attack"]
[ECO "C77"]
[Time "10:03:03"]
[TimeControl "2700+45"]

1. e4 e5 2. Nf3 Nc6 3. Bb5 a6 4. Ba4 Nf6 5. Qe2 b5 6. Bb3 Bc5 7. c3 O-O 8. O-O
d5 9. exd5 e4 10. dxc6 exf3 11. Qxf3 Bg4 12. Qg3 Bd6 13. Qh4 Be2 14. Re1 Bd3 15.
Qd4 Re8 16. Re3 Rxe3 17. dxe3 Be4 18. Nd2 Bxc6 19. Nf3 Qe7 20. a4 Rd8 21. Qh4
Qd7 22. Nd4 Ba8 23. axb5 axb5 24. Qg5 c5 25. Nf5 Bf8 26. Nh6+ Kh8 27. Nxf7+
{Black resigns} 1-0

[Event "Team 45 45 League T39"]
[Site "Internet Chess Club"]
[Date "2008.11.19"]
[Round "5"]
[White "KarloTurk"]
[Black "livis"]
[Result "1/2-1/2"]
[WhiteElo "2092"]
[BlackElo "1956"]
[Opening "Queen's pawn"]
[ECO "A40"]
[Time "13:53:41"]
[TimeControl "2700+45"]

1. d4 e6 2. Nf3 d5 3. Bf4 h6 4. e3 Bd6 5. Bg3 a6 6. c4 Bxg3 7. hxg3 Nf6 8. Nc3
c6 9. cxd5 exd5 10. Bd3 Bg4 11. Qc2 Bxf3 12. gxf3 Nbd7 13. Kf1 Qb6 14. Na4 Qb4
15. a3 Qd6 16. b4 b5 17. Nc5 O-O 18. g4 Nxc5 19. bxc5 Qe7 20. Ke2 Rfe8 21. Rh2
Kf8 22. g5 Ng8 23. f4 a5 24. Bh7 hxg5 25. Bxg8 Qf6 26. fxg5 Qxd4 27. Bxf7 Qxa1
28. Bxe8 Rxe8 29. Qg6 Rxe3+ 30. fxe3 Qb2+ 31. Kf3 Qxh2 32. Qxc6 Qh3+ 33. Kf4
Qh4+ 34. Kf3 Qe4+ 35. Kf2 Qf5+ 36. Ke2 Qc2+ 37. Kf3 Qf5+ 38. Ke2 Qc2+ 39. Ke1
Qb1+ 40. Kd2 Qb2+ 41. Kd1 Qb1+ 42. Kd2 Qb2+ 43. Kd1 Qb1+ 44. Ke2 Qc2+ 45. Kf3
Qf5+ 46. Ke2 Qc2+ 47. Kf1 Qf5+ 48. Ke2 Qc2+ 49. Kf3 Qf5+ 50. Ke2 Qc2+ 51. Kf1
Qf5+ 52. Ke1 Qxg5 53. Qc8+ Kf7 54. Qd7+ Kg6 55. Qd6+ Kf7 56. Qd7+ Kf8 57. Qc8+
Kf7 58. Qd7+ Kf8 59. Qd6+ Kf7 60. Qd7+ Kf8 {Game drawn by repetition} 1/2-1/2